AoeStats
← FireMedic13

Arabia

507178297Analyzed
2v2 RM · 16d ago on Sep 17, 2026· 48m 58s· 4 players
Game mode
Random Map
Map size
Medium (4 player)
Population
200
Speed
Normal
Resources
Standard
Victory
Conquest
Starting age
Dark Age
Ending age
Imperial Age
RankedLock teamsTeams togetherTeam positionsShared explorationLock speedFull tech treeHidden civsTurbo modeCheats
Victory
Defeat
🇺🇸 Slavs · United States
909
+14
🇺🇸 Britons · United States
906
+14
🇺🇸 Vietnamese · United States
863
-38
🇺🇸 Mongols · United States
863
-38
Get Rich @ Hex.com
4:43 Loom
14:09 Feudal Age
15:25 Double-Bit Axe
17:26 Wheelbarrow
18:53 Scale Mail Armor
19:04 Forging
18:38 Horse Collar
18:45 Man-at-Arms
23:05 Castle Age
23:06 Gold Mining
23:11 Long Swordsman
23:52 Squires
24:26 Chain Mail Armor
28:17 Iron Casting
30:07 Hand Cart
32:44 Redemption
32:56 Sanctity
32:38 Devotion
35:18 Gold Shaft Mining
39:14 Imperial Age
37:48 Herbal Medicine
40:01 Atonement
40:17 Block Printing
40:28 Illumination
40:39 Theocracy
41:20 Chemistry
40:17 Murder Holes
40:27 Siege Engineers
40:33 Masonry
40:34 Fortified Wall
44:40 Faith
45:09 Spies/Treason
Blondie
10:26 Feudal Age
8:41 Loom
17:04 Castle Age
15:52 Double-Bit Axe
16:20 Horse Collar
19:32 Wheelbarrow
25:30 Heavy Plow
25:24 Gold Mining
26:47 Yeomen
26:13 Pikeman
26:53 Squires
26:47 Fletching
26:58 Padded Archer Armor
27:34 Scale Mail Armor
28:46 Bodkin Arrow
29:07 Leather Archer Armor
32:20 Leather Archer Armor
32:21 Chain Mail Armor
34:05 Forging
34:58 Ballistics
40:16 Imperial Age
40:59 Hand Cart
40:30 Town Watch
41:26 Iron Casting
41:25 Conscription
43:16 Chemistry
41:46 Halberdier
43:42 Bracer
44:12 Ring Archer Armor
44:16 Elite Longbowman
47:05 Hoardings
46:02 Spies/Treason
47:37 Caravan
47:25 Capped Ram
Zarrus
15:38 Feudal Age
16:58 Wheelbarrow
16:13 Double-Bit Axe
16:24 Gold Mining
16:25 Stone Mining
17:16 Town Watch
18:10 Loom
23:05 Forging
22:55 Scale Mail Armor
23:13 Man-at-Arms
34:52 Castle Age
35:27 Long Swordsman
FireMedic13
0:52 Loom
12:53 Feudal Age
14:26 Wheelbarrow
13:36 Horse Collar
14:13 Double-Bit Axe
16:34 Town Watch
19:38 Man-at-Arms
22:29 Arson
25:50 Castle Age
31:15 Hand Cart
34:08 Town Patrol
Connection lost

Rejoining the realm…

Still unreachable

The connection could not be restored.

Session expired

The server has moved on; the page needs a fresh start.